 Dungeon Crawl Stone Soup version 0.27-a0-1321-gd358eaa319 (webtiles) character file.

Game seed: 4719051952687795824

31 Ijustatesigmund the Chopper (level 3, 0/31 HPs)
             Began as a Hill Orc Fighter on June 22, 2021.
             Slain by a kobold (2 damage)
             ... on level 2 of the Dungeon.
             The game lasted 00:01:09 (1529 turns).

Ijustatesigmund the Chopper (Hill Orc Fighter)      Turns: 1529, Time: 00:01:10

Health: 0/31       AC:  6    Str: 18    XL:     3   Next: 22%
Magic:  3/3        EV:  7    Int:  8    God:
Gold:   27         SH:  9    Dex: 11    Spells: 2/2 levels left

rFire    . . .     SeeInvis .   a - +0 war axe
rCold    . . .     Faith    .   c - +0 kite shield
rNeg     . . .     Spirit   .   b - +0 scale mail
rPois    .         Reflect  .   (no helmet)
rElec    .         Harm     .   (no cloak)
rCorr    .         Rampage  .   (no gloves)
Will     .....                  (no boots)
Stlth    ..........             (no amulet)
HPRegen  0.10/turn              (no ring)
MPRegen  0.08/turn              (no ring)

@: mighty, lethally poisoned (0 -> -1), attractive
A: no striking features
a: no special abilities


You were on level 2 of the Dungeon.
You visited 1 branch of the dungeon, and saw 2 of its levels.

You collected 27 gold pieces.

Inventory:

Hand Weapons
 a - a +0 war axe (weapon)
Armour
 b - a +0 scale mail (worn)
 c - a +0 kite shield (worn)
Scrolls
 e - a scroll of vulnerability {unknown}
 g - a scroll of teleportation {unknown}
 h - 2 scrolls of identify {unknown}
 i - a scroll of immolation


   Skills:
 - Level 3.6 Fighting
 + Level 4.8 Axes
 - Level 3.2 Armour
 - Level 3.2 Shields


You had 2 spell levels left.
You didn't know any spells.
Your spell library contained the following spells:

 Spells                   Type           Power      Damage    Failure   Level
 Animate Skeleton         Necr           0%         N/A       99%         1
 Apportation              Tloc           0%         N/A       99%         1
 Corona                   Hex            0%         N/A       99%         1
 Summon Small Mammal      Summ           0%         N/A       99%         1


Dungeon Overview and Level Annotations

Branches:
Dungeon (2/15)

Altars:


Message History

You miss the adder.
You feel very sick. The ball python bites you. The ball python constricts you.
The adder bites you but does no damage. The hobgoblin barely misses you.
You block the ball python's attack. The ball python constricts you.
The adder barely misses you.
The hobgoblin hits you but does no damage.
You have reached level 3!
Your experience leads to an increase in your attributes!
Increase (S)trength, (I)ntelligence, or (D)exterity?
You feel agile.
You slash the adder!
The adder is almost dead.
You hit the hobgoblin.
Your shield and scale mail prevent you from hitting the ball python.
You feel sick. The ball python bites you. The ball python constricts you.
You block the adder's attack.
The hobgoblin hits you but does no damage.
The ball python barely misses you. The ball python constricts you.
The adder bites you.
You slash the ball python!
You kill the ball python!
You barely miss the hobgoblin. You closely miss the adder.
You feel sick. The adder bites you but does no damage.
The hobgoblin hits you but does no damage.
The kobold throws a stone.
You block the stone. The adder bites you but does no damage.
The hobgoblin barely misses you.
Your shield and scale mail prevent you from hitting the adder.
The adder is almost dead.
You slash the hobgoblin!
You kill the hobgoblin!
You feel sick. You block the adder's attack. You block the kobold's attack.
The adder bites you.
* * * LOW HITPOINT WARNING * * *
It was a potion of attraction.
You feel attractive to monsters.
* * * LOW HITPOINT WARNING * * *
You feel sick.
The kobold hits you with a +2 dagger of freezing.
You die...

# #...........).#
...###.#....+.#..#.#
...........#..#(.#.###
##.###.##.............
#
.##..#...........###.#
##..##.#..##........
#.. #..._...#...# #
#.##.#...†..#
.........@K..#
.#........†S.##
#......#.#..##.# .
.#...##.... ...
............. ..♣
.#.#.............
#.....##> ...< ##....
....


You could see an adder and a kobold.

Vanquished Creatures
  An adder (D:2)
  A worm (D:2)
  A ball python (D:2)
  2 endoplasms (D:1)
  A hobgoblin (D:2)
  7 jackals (D:1)
  A kobold (D:1)
  2 frilled lizards
  A rat (D:2)
17 creatures vanquished.

Notes
Turn   | Place    | Note
-------+----------+-------------------------------------------
     0 | D:1      | Ijustatesigmund the Hill Orc Fighter began the quest for
                  | the Orb.
     0 | D:1      | Reached XP level 1. HP: 19/19 MP: 1/1
   183 | D:1      | Reached skill level 3 in Axes
   263 | D:1      | Reached XP level 2. HP: 23/26 MP: 2/2
   465 | D:1      | Reached skill level 4 in Axes
  1508 | D:2      | Found a faded altar of an unknown god.
  1526 | D:2      | Reached XP level 3. HP: 15/31 MP: 3/3
  1529 | D:2      | Slain by a kobold

Illustrated notes

Levels and vault maps discovered:
D:1:      evilmike_arrival_rings, layout_basic, serial_glass, glass_columns_a,
          glass_columns_a, chequers_serial_rivers_micro_e
D:2:      kennysheep_big_flooded_room, layout_loops_cross,
          hellmonk_ecumenical_altar_blasted, grunt_ministairs_1

Skill      XL: |  1  2 |
---------------+-------+-----
Axes           | 3 4 |  4.8
Fighting       | |  3.6
Armour         | |  3.2
Shields        | |  3.2

Action                   || total
-------------------------++-------
Melee: War axe           ||    55
  Use: Potion            ||     3
Armor: Scale mail        ||    33
       Skin              ||     3
Dodge: Dodged            ||    21
Block: Kite shield       ||    31

Table legend: (Time is in decaauts)
 A = Elapsed time spent in this place.
 B = Non-inter-level travel time spent in this place.
 C = Inter-level travel time spent in this place.
 D = Time resting spent in this place.
 E = Time spent auto-exploring this place.
 F = Levels seen in this place.
 G = Mean time per level.
                   A        B        C        D        E       F      G
               +--------+--------+--------+--------+--------+-----+--------+
         Total |   1558 |   1528 |     30 |    281 |   1124 |   2 |  779.0 |
       Dungeon |   1558 |   1528 |     30 |    281 |   1124 |   2 |  779.0 |
               +--------+--------+--------+--------+--------+-----+--------+

Top non-repeatable levels by time:
     D:1: 1318 daAuts
     D:2: 240 daAuts
